Map: Emerald City CE

Players

Nyck - Winner!

  • Race: Terran Terran
  • Spawn Location: 5:00

Ekelpack - Winner!

  • Race: Zerg Zerg
  • Spawn Location: 5:00

dodadidu

  • Race: Terran Terran
  • Spawn Location: 11:00

GimpBoy

  • Race: Terran Terran
  • Spawn Location: 11:00

VOD

Have the link to the VOD?

Description

Time

  • Played on: Aug. 20, 2024, 11:58 a.m.
  • Length: 8:53
Show
View Real Time Build Order
Export as new Build Order

Nyck Terran - Winner!

Build Orders:  

Get SALT Encoding   

  12  0:01  SCV  
  13  0:13  SCV  
  14  0:23  Supply Depot  
  14  0:26  SCV  
  15  0:42  Refinery  
  15  0:45  SCV  
  15  0:48  Barracks  
  16  0:57  SCV  
  17  1:09  SCV  
  18  1:21  SCV  
  19  1:36  Orbital Command  
  19  1:37  Barracks  
  19  1:41  Reaper  
  20  1:55  Supply Depot  
  20  2:13  SCV  
  21  2:16  Reaper  
  22  2:25  Supply Depot, SCV  
  22  2:29  Reaper  
  25  2:37  SCV  
  25  2:49  SCV  
  26  2:51  Refinery  
  26  3:01  SCV  
  27  3:07  Reaper x2  
  29  3:13  Command Center  
  29  3:31  SCV  
  30  3:39  Reaper x2  
  32  3:45  SCV  
  33  3:57  SCV  
  32  4:09  SCV  
  33  4:11  Reaper x2  
  33  4:43  Reaper  
  33  4:44  Reaper, Factory  
  35  4:56  SCV  
  36  5:00  SCV  
  37  5:08  SCV  
  37  5:12  SCV  
  39  5:15  Reaper  
  39  5:16  Reaper  
  39  5:20  SCV  
  42  5:24  SCV  
  43  5:30  Refinery  
  43  5:32  SCV, Refinery  
  44  5:36  SCV  
  45  5:48  SCV  
  46  6:00  SCV x2  
  48  6:12  SCV x2  
  50  6:24  Starport  
  50  6:25  Factory Tech Lab  
  50  6:26  SCV x2  
  52  6:38  SCV  
  53  6:45  Command Center  
  53  6:47  Command Center  
  53  6:55  Starport  
  53  6:58  Starport  
  53  6:59  Starport  
  53  7:42  Supply Depot  
  53  7:56  Viking x4  
  61  8:03  SCV  
  61  8:04  SCV  
  61  8:05  Supply Depot  
  63  8:15  SCV  
  72  8:28  Supply Depot, SCV x2  
  74  8:52  Supply Depot  
Show
View Real Time Build Order
Export as new Build Order

Ekelpack Zerg - Winner!

Build Orders: Pool First 

Get SALT Encoding   

  12  0:00  Drone  
  13  0:08  Drone  
  14  0:17  Overlord  
  14  0:25  Drone, Extractor  
  14  0:37  Drone  
  14  0:38  Drone  
  16  0:49  Spawning Pool  
  15  0:51  Drone  
  15  0:56  Drone  
  17  1:05  Drone  
  18  1:17  Drone  
  19  1:27  Drone  
  20  1:35  Queen, Extractor  
  21  1:46  Overlord  
  21  1:53  Hatchery  
  21  1:54  Drone  
  21  2:12  Lair  
  21  2:20  Zergling x4  
  21  2:21  Metabolic Boost  
  23  2:37  Drone x2  
  26  2:51  Drone x4  
  29  3:11  Spire  
  28  3:20  Queen  
  28  3:22  Drone  
  28  3:23  Drone  
  28  3:26  Extractor  
  31  3:36  Overlord  
  29  4:08  Drone x3  
  32  4:23  Mutalisk x5  
  42  4:30  Drone x2  
  44  4:32  Overlord x2  
  44  4:36  Extractor  
  44  4:37  Drone  
  44  4:38  Overlord  
  44  4:58  Zerg Flyer Weapons Level 1  
  44  4:59  Hatchery  
  43  5:02  Drone  
  43  5:04  Drone x2  
  46  5:24  Drone x2  
  48  5:45  Mutalisk x2  
  48  5:46  Mutalisk x3  
  58  6:02  Overlord  
  58  6:19  Drone x2  
  58  6:20  Drone x6  
  58  6:21  Drone x6  
  58  6:22  Overlord  
  72  6:32  Queen  
  66  7:16  Mutalisk x2  
  66  7:17  Mutalisk x7  
  84  7:27  Extractor  
  83  7:34  Mutalisk x3  
  89  7:40  Extractor  
  89  7:42  Overlord x3  
  88  7:57  Pneumatized Carapace  
  88  8:00  Zergling x4  
  88  8:01  Overlord  
  89  8:30  Zergling x2  
  89  8:31  Zergling x12  
  89  8:32  Zergling x6  
Show
View Real Time Build Order
Export as new Build Order

dodadidu Terran 

Build Orders:  

Get SALT Encoding   

  12  0:00  SCV  
  13  0:15  Supply Depot  
  13  0:16  SCV  
  14  0:37  Barracks  
  14  0:38  SCV  
  15  1:00  SCV  
  13  1:12  SCV  
  14  1:26  Marine  
  15  1:45  Refinery  
  15  1:56  Refinery  
  15  2:02  SCV  
  16  2:15  SCV  
  17  2:16  Marine  
  18  2:30  Supply Depot  
  18  2:34  Engineering Bay  
  18  2:42  SCV  
  19  2:52  Barracks Tech Lab  
  18  3:01  Planetary Fortress  
  18  3:18  Barracks Reactor  
  18  3:31  Factory  
  18  3:38  SCV  
  19  3:50  SCV  
  19  3:52  Supply Depot  
  18  4:02  Hi-Sec Auto Tracking  
  18  4:03  SCV  
  18  4:06  Reaper  
  18  4:07  Reaper  
  21  4:14  Factory  
  21  4:15  SCV  
  22  4:27  SCV  
  23  4:39  SCV  
  24  4:51  SCV, Missile Turret  
  24  4:52  Missile Turret  
  25  4:59  Starport  
  24  5:30  Reaper x2  
  26  5:40  Banshee  
  29  5:43  Missile Turret  
  29  5:57  Factory Tech Lab  
  29  6:02  Reaper x2  
  29  6:22  Cloaking Field  
  29  6:26  Viking  
  31  6:40  Missile Turret  
  31  6:43  Missile Turret  
  31  6:46  Barracks  
  28  6:49  Missile Turret  
  28  6:51  Missile Turret  
  28  6:52  Missile Turret  
  10  7:19  SCV  
Show
View Real Time Build Order
Export as new Build Order

GimpBoy Terran 

Build Orders:  

Get SALT Encoding   

  12  0:01  SCV  
  13  0:13  SCV  
  14  0:27  Supply Depot  
  14  0:29  SCV  
  5  3:29  SCV  
  6  3:35  Supply Depot  
  6  3:42  SCV  
  7  3:54  SCV  
  8  4:06  SCV  
  9  4:12  Barracks  
  9  4:18  SCV  
  10  4:36  SCV  
  10  4:37  Barracks  
  11  4:48  SCV  
  12  5:12  Marine  
  8  5:30  Marine  
  4  5:48  Marine  
  2  6:06  Marine  
Tags
 
Add a new tag
Caveats
  • Supply blocks, unpowered buildings, or Contaminate may cause inaccurate times.
  • Supply counts are checked every 10 seconds.